 Dungeon Crawl Stone Soup version 0.28-a0-1117-g0bdd5ba030 (webtiles) character file.

Game seed: 10392491283955577042

98 freelancePsychic the Skirmisher (level 4, 0/25 HPs)
             Began as a Vine Stalker Fighter on Dec 11, 2021.
             Slain by an orc priest (4 damage)
             ... on level 3 of the Dungeon.
             The game lasted 00:03:37 (2505 turns).

freelancePsychic the Skirmisher (VSFi)              Turns: 2505, Time: 00:03:38

Health: 0/25       AC:  7    Str: 21    XL:     4   Next: 71%
Magic:  0/5        EV:  9    Int:  8    God:
Gold:   112        SH:  4    Dex: 13    Spells: 3/3 levels left

rFire   . . .      SeeInvis .   g - +0 dagger
rCold   . . .      Faith    .   c - +0 buckler
rNeg    . . .      Spirit   +   b - +0 scale mail
rPois   .          Reflect  .   l - +0 helmet
rElec   .          Harm     .   (no cloak)
rCorr   .          Rampage  .   (no gloves)
Will    .....                   (no boots)
Stlth   ..........              (no amulet)
HPRegen 0.88/turn               (no ring)
MPRegen 0.09/turn               (no ring)

@: no status effects
A: fangs 2, regeneration 1, magic shield, antimagic bite, no potion heal 2
a: no special abilities


You were on level 3 of the Dungeon.
You visited 1 branch of the dungeon, and saw 3 of its levels.

You collected 112 gold pieces.

Inventory:

Hand Weapons
 g - a +0 dagger (weapon)
Armour
 b - a +0 scale mail (worn)
 c - a +0 buckler (worn)
 l - a +0 helmet (worn)
Wands
 d - a wand of polymorph (2)
Scrolls
 a - a scroll of blinking
 f - a scroll of enchant armour {unknown}
 j - a scroll of enchant weapon {unknown}
 k - 2 scrolls of amnesia {unknown}
Potions
 e - a potion of haste {unknown}
 h - a potion of heal wounds {unknown}
 i - a potion of flight {unknown}
 m - a potion of brilliance {unknown}
 n - a potion of cancellation {unknown}


   Skills:
 + Level 3.7 Fighting
 + Level 3.1 Short Blades
 - Level 2.4 Armour
 + Level 3.1 Shields


You had 3 spell levels left.
You didn't know any spells.
Your spell library was empty.

Dungeon Overview and Level Annotations

Branches:
Dungeon (3/15)

Altars:
Makhleb


Innate Abilities, Weirdness & Mutations

You have extremely sharp teeth.
Your natural rate of healing is unusually fast.
When hurt, damage is shared between your health and your magic reserves.
Your bite disrupts and absorbs the magic of your enemies.
Potions cannot restore your health.


Message History

You hit the orc. Your bite misses the orc.
The orc is heavily wounded.
The orc barely misses you.
You closely miss the orc. Your bite misses the orc.
The orc is heavily wounded.
The orc hits you but does no damage.
The orc priest invokes the aid of Beogh against you.
Beogh smites you!
Ouch! That really hurt!
You hit the orc.
You kill the orc!
You hit the orc priest.
You bite the orc priest, but do no damage.
The orc priest is lightly wounded.
The orc priest casts a cantrip, but nothing happens.
You closely miss the orc priest. You bite the orc priest. You drain its power.
You feel invigorated.
The orc priest is moderately wounded.
The orc priest hits you but does no damage.
You hit the orc priest. Your bite misses the orc priest.
The orc priest is heavily wounded.
You hit the orc priest.
The orc priest is heavily wounded.
The orc priest hits you with a +0 short sword.
You closely miss the orc priest.
The orc priest is heavily wounded.
The orc priest completely misses you.
You barely miss the orc priest.
The orc priest is heavily wounded.
The orc priest hits you with a +0 short sword.
You barely miss the orc priest.
The orc priest is heavily wounded.
The orc priest calls down the wrath of Beogh upon you.
Beogh smites you!
* * * LOW HITPOINT WARNING * * *
You barely miss the orc priest. You bite the orc priest. You drain its power.
You feel invigorated.
The orc priest is heavily wounded.
The orc priest hits you with a +0 short sword.
You die...

### #.### #.... #.### #.#
##### #.# #...# #.#
#########...#### #.#
...oo.o@'......### #.#
#########.....[..# #.#
#.#######.###.#.###)#
#..)..............#.#
#.#######.###.....#)#
########.#.......#.......#.###
>.............................
.#######.#..######.#...#.#####
#.#...#####.#.#.#....#


You could see an orc priest and 2 orcs.

Vanquished Creatures
  Terence (D:2)
  An adder (D:2)
  3 worms (D:2)
  2 orcs (D:3)
  2 bats (D:1)
  8 endoplasms
  5 giant cockroaches
  2 goblins
  4 hobgoblins (D:1)
  4 jackals (D:1)
  3 kobolds
  A quokka (D:1)
  7 ball pythons
  3 frilled lizards
  3 rats
49 creatures vanquished.

Notes
Turn   | Place    | Note
-------+----------+-------------------------------------------
     0 | D:1      | freelancePsychic the Vine Stalker Fighter began the quest
                  | for the Orb.
     0 | D:1      | Reached XP level 1. HP: 11/11 MP: 2/2
   228 | D:1      | Reached XP level 2. HP: 14/16 MP: 3/3
  1096 | D:1      | Reached XP level 3. HP: 14/20 MP: 4/4
  1884 | D:2      | Noticed Terence
  1944 | D:2      | Killed Terence
  1945 | D:2      | Gained mutation: Your natural rate of healing is unusually
                  | fast. [Vine Stalker growth]
  1945 | D:2      | Reached XP level 4. HP: 24/24 MP: 5/5
  2287 | D:2      | Found a burning altar of Makhleb.
  2505 | D:3      | Slain by an orc priest

Illustrated notes

Levels and vault maps discovered:
D:1:      lightli_arrival_flooded_house, layout_basic, minmay_split_cup_large
D:2:      layout_rooms, basic_altar, uniq_terence
D:3:      layout_basic, hex_tiny

Skill      XL: |  1  2  3  4 |
---------------+-------------+-----
Short Blades   | 2 3 |  3.1
Fighting       | 3 |  3.7
Shields        | 3 |  3.1
Armour         | |  2.4

Action                   |  1- 3 |  4- 6 || total
-------------------------+-------+-------++-------
Melee: Dagger            |   110 |    75 ||   185
       Rapier            |     7 |       ||     7
       Bite              |    37 |    27 ||    64
  Use: Scroll            |     2 |       ||     2
       Potion            |     1 |       ||     1
Armor: Scale mail        |    28 |    14 ||    42
       Skin              |     1 |       ||     1
Dodge: Dodged            |    44 |    13 ||    57
Block: Buckler           |    18 |    11 ||    29

Table legend: (Time is in decaauts)
 A = Elapsed time spent in this place.
 B = Non-inter-level travel time spent in this place.
 C = Inter-level travel time spent in this place.
 D = Time resting spent in this place.
 E = Time spent auto-exploring this place.
 F = Levels seen in this place.
 G = Mean time per level.
                   A        B        C        D        E       F      G
               +--------+--------+--------+--------+--------+-----+--------+
         Total |   2488 |   2374 |    114 |     17 |   1811 |   3 |  829.3 |
       Dungeon |   2488 |   2374 |    114 |     17 |   1811 |   3 |  829.3 |
               +--------+--------+--------+--------+--------+-----+--------+

Top non-repeatable levels by time:
     D:1: 1695 daAuts
     D:2: 615 daAuts
     D:3: 178 daAuts
